 Dungeon Crawl Stone Soup version 0.20.0-4-g10b340a (webtiles) character file.

3465 Gorglomux the Slinger (level 10, -7/73 HPs)
             Began as a Halfling Arcane Marksman on May 27, 2017.
             Was an Elder of Okawaru.
             Mangled by a yak (12 damage)
             ... on level 7 of the Dungeon.
             The game lasted 00:13:28 (8441 turns).

Gorglomux the Slinger (Halfling Arcane Marksman)    Turns: 8441, Time: 00:13:28

Health: -7/73      AC: 11    Str: 11    XL:     10   Next: 27%
Magic:  11/11      EV: 12    Int: 11    God:    Okawaru [****..]
Gold:   400        SH:  7    Dex: 19    Spells: 10/11 levels left

rFire    + . .     SeeInvis .   a - +0 hunting sling
rCold    . . .     Gourm    .   U - +2 buckler
rNeg     . . .     Faith    .   P - +0 ring mail
rPois    .         Spirit   .   (no helmet)
rElec    .         Reflect  .   (no cloak)
rCorr    .         Harm     .   (no gloves)
MR       .....                  (no boots)
Stlth    +.........             B - amulet of rage
Regen    0.3/turn               J - +6 ring of protection
MPRegen  0.2/turn               f - ring of protection from fire

@: no status effects
A: mutation resistance 1
a: Heroism, Renounce Religion, Evoke Berserk Rage


You were on level 7 of the Dungeon.
You worshipped Okawaru.
Okawaru was greatly pleased with you.
You were not hungry.

You visited 1 branch of the dungeon, and saw 8 of its levels.

You collected 400 gold pieces.

Inventory:

Hand Weapons
 a - a +0 hunting sling (weapon)
 b - a +0 mace
Missiles
 d - 91 sling bullets
 i - 42 stones (quivered)
Armour
 e - a +0 robe
 P - a +0 ring mail (worn)
 U - a +2 buckler (worn)
Jewellery
 f - a ring of protection from fire (right hand)
 B - an amulet of rage (around neck)
 J - a +6 ring of protection (left hand)
 W - an uncursed ring of positive energy
Wands
 C - a wand of confusion (23/48)
 I - a wand of iceblast (5/15)
Scrolls
 j - a scroll of remove curse {unknown}
 m - 3 scrolls of teleportation {unknown}
 p - a scroll of fear {unknown}
 D - 2 scrolls of enchant armour {unknown}
 F - 3 scrolls of fog {unknown}
 L - 2 scrolls of enchant weapon {unknown}
 N - 2 scrolls of blinking {unknown}
 R - 2 scrolls of identify
 T - 2 scrolls of random uselessness {unknown}
 Z - 2 scrolls of amnesia {unknown}
Potions
 g - 4 potions of heal wounds
 o - a potion of brilliance
 A - 5 potions of flight
 H - 2 potions of mutation {!q}
 K - a potion of invisibility
 Q - 3 potions of curing
 S - a potion of degeneration
 X - a potion of lignification {unknown}
Books
 c - a book of Debilitation

   Spells                             Type                      Level
   a - Corona                         Hexes                        1
   b - Slow                           Hexes                        2
   c - Inner Flame                    Hexes/Fire                   3
   d - Portal Projectile              Hexes/Translocation          3
   e - Cause Fear                     Hexes                        4
   f - Leda's Liquefaction            Hexes/Earth                  4
 V - Sif Muna's Almanac of Malediction
   (You found it on level 5 of the Dungeon)

   Spells                             Type                      Level
   a - Corona                         Hexes                        1
Comestibles
 k - 6 royal jellies
 z - 6 meat rations
 O - 7 chunks of flesh
 Y - 3 bread rations


   Skills:
 + Level 8.8 Fighting
 - Level 14.1 Slings
 - Level 2.1 Dodging
 - Level 1.0 Spellcasting
 - Level 2.4 Hexes


You had 10 spell levels left.
You knew the following spells:

 Your Spells              Type           Power        Failure   Level  Hunger
a - Corona                Hex            #......      43%         1    ##.....


Dungeon Overview and Level Annotations

Branches:
Dungeon (8/15)             Temple (0/1) D:7
   Lair: D:8-11

Altars:
Cheibriados
Gozag
Kikubaaqudgha
Makhleb
Nemelex Xobeh
Okawaru
Qazlal
Ru
Sif Muna
Uskayaw
Vehumet
Zin

Annotations:
D:8 2 transporters


Innate Abilities, Weirdness & Mutations

You are small and have problems with some larger weapons.
You are somewhat resistant to further mutation.


Message History

Firing (i - inventory. (,) - cycle):
i - 45 stones (quivered)
Press: ? - help, Shift-Dir - straight line, f/p - yak
Aim: a yak (almost dead)
You shoot a stone. The stone barely misses the yak.
Firing (i - inventory. (,) - cycle):
i - 44 stones (quivered)
Press: ? - help, Shift-Dir - straight line, f/p - yak
Aim: a yak (almost dead)
You shoot a stone.
The stone hits the yak but does no damage.
The yak is almost dead.
The yak gores you!
* * * LOW HITPOINT WARNING * * *
Firing (i - inventory. (,) - cycle):
i - 43 stones (quivered)
Press: ? - help, Shift-Dir - straight line, f/p - yak
Aim: a yak (almost dead)
You shoot a stone.
The stone hits the yak but does no damage.
The yak is almost dead.
The yak gores you!
You die...

#.#####.........# #.##.#...
#............##.# #.##>#.##
#.#####.###..##.# #.##.#.#
#............##.# #.##.#.#
##.##....###.###.# #.##.#.#
######<...........###.###......#
.>................#.....####.###
######..#.....##..#.....####.#
....>...##....##@Y.....(.....#
#######.#####.###.#.>...######
#.# #...........# #..
......####### #### #######


You could see a yak.

Vanquished Creatures
  Sigmund (D:4)
  3 yaks (D:8)
  A hungry ghost (D:7)
  Duvessa (D:4)
  A black bear (D:6)
  A phantom (D:6)
  An ice beast (D:6)
  2 sky beasts (D:5)
  4 ogres
  A centaur (D:6)
  A crocodile (D:8)
  Blork the orc (D:4)
  A bullfrog (D:7)
  Dowan (D:4)
  A scorpion (D:4)
  A wyvern skeleton (D:7)
  5 wights (D:6)
  2 howler monkeys (D:5)
  3 crimson imps
  2 jellies (D:7)
  2 centaur skeletons (D:7)
  3 hounds
  3 orc priests
  5 orc wizards
  Ijyb (D:4)
  Natasha (thrice) (D:2)
  3 iguanas
  4 worker ants
  Terence (D:2)
  A hound zombie (D:7)
  9 adders
  A shadow imp (D:8)
  An ooze (D:6)
  2 adder zombies
  An adder skeleton (D:4)
  3 worms
  4 dart slugs
  5 leopard geckos
  26 orcs
  4 bats
  7 giant cockroaches
  17 goblins
  9 hobgoblins
  18 jackals
  5 kobolds
  2 quokkas
  A ball python (D:4)
  4 frilled lizards
  A leopard gecko zombie (D:6)
  2 quokka skeletons
  5 rats
187 creatures vanquished.

Notes
Turn   | Place    | Note
-------+----------+-------------------------------------------
     0 | D:1      | Gorglomux the Halfling Arcane Marksman began the quest for the Orb.
     0 | D:1      | Reached XP level 1. HP: 12/12 MP: 2/2
   249 | D:1      | Reached skill level 4 in Slings
   249 | D:1      | Reached XP level 2. HP: 18/18 MP: 3/3
   664 | D:2      | Noticed Natasha
   676 | D:2      | Killed Natasha
   676 | D:2      | Reached skill level 5 in Slings
   676 | D:2      | Reached XP level 3. HP: 5/22 MP: 4/4
  1037 | D:2      | Found an iron altar of Okawaru.
  1050 | D:2      | Became a worshipper of Warmaster Okawaru
  1084 | D:2      | Found a glowing silver altar of Zin.
  1172 | D:2      | Reached XP level 4. HP: 27/27 MP: 5/5
  1216 | D:2      | Reached skill level 6 in Slings
  1817 | D:2      | Reached XP level 5. HP: 30/32 MP: 6/6
  1871 | D:2      | Noticed Natasha
  1888 | D:2      | Killed Natasha
  1888 | D:2      | Reached skill level 7 in Slings
  2091 | D:2      | Found a faded altar of an unknown god.
  2269 | D:2      | Noticed Natasha
  2280 | D:2      | Killed Natasha
  2359 | D:2      | Noticed Terence
  2368 | D:2      | Killed Terence
  2368 | D:2      | Reached skill level 8 in Slings
  2648 | D:3      | Reached XP level 6. HP: 37/37 MP: 7/7
  3051 | D:4      | Noticed Duvessa
  3055 | D:4      | Noticed Dowan
  3060 | D:4      | Noticed an ogre
  3353 | D:4      | Noticed Blork the orc
  3367 | D:4      | Killed Blork the orc
  3367 | D:4      | Reached skill level 9 in Slings
  3770 | D:4      | Noticed an ogre
  3779 | D:4      | Killed an ogre
  3779 | D:4      | Reached * piety under Okawaru
  3779 | D:4      | Reached skill level 10 in Slings
  3779 | D:4      | Reached XP level 7. HP: 42/42 MP: 8/8
  4034 | D:4      | Killed Duvessa
  4034 | D:4      | Reached skill level 11 in Slings
  4042 | D:4      | Killed Dowan
  4236 | D:4      | Noticed Sigmund
  4238 | D:4      | Reached skill level 12 in Slings
  4238 | D:4      | Reached XP level 8. HP: 47/47 MP: 9/9
  4253 | D:4      | Killed Sigmund
  4488 | D:4      | Noticed Ijyb
  4489 | D:4      | Reached ** piety under Okawaru
  4542 | D:4      | Killed Ijyb
  4825 | D:5      | Entered Level 5 of the Dungeon
  4844 | D:5      | Reached skill level 13 in Slings
  5203 | D:5      | Reached skill level 14 in Slings
  5600 | D:5      | Found a sacrificial altar of Ru.
  5619 | D:5      | Found a radiant altar of Vehumet.
  5626 | D:5      | Found an ancient bone altar of Kikubaaqudgha.
  5627 | D:5      | Found a deep blue altar of Sif Muna.
  5633 | D:5      | Identified Sif Muna's Almanac of Malediction
  5665 | D:5      | Reached XP level 9. HP: 39/54 MP: 10/10
  5951 | D:6      | Reached skill level 3 in Fighting
  5987 | D:6      | Found an opulent altar of Gozag.
  6512 | D:6      | Reached *** piety under Okawaru
  6990 | D:6      | Reached skill level 6 in Fighting
  7352 | D:7      | Received a gift from Okawaru
  7932 | D:7      | Reached XP level 10. HP: 71/71 MP: 11/11
  7989 | D:7      | Found a staircase to the Ecumenical Temple.
  8019 | D:7      | Found a hide-covered altar of Uskayaw.
  8019 | D:7      | Found a stormy altar of Qazlal.
  8022 | D:7      | Found a sparkling altar of Nemelex Xobeh.
  8022 | D:7      | Found a snail-covered altar of Cheibriados.
  8218 | D:8      | Noticed a yaktaur captain
  8220 | D:8      | Found a burning altar of Makhleb.
  8376 | D:8      | Reached **** piety under Okawaru
  8441 | D:7      | Mangled by a yak

Skill      XL: |  1  2  3  4  5  6  7  8  9 10 |
---------------+-------------------------------+-----
Slings         | 4 5 6 8 10 12 14 | 14.1
Fighting       | 2 7 8 |  8.8
Dodging        | |  2.1
Spellcasting   | |  1.0
Hexes          | |  2.4

Action                   |  1- 3 |  4- 6 |  7- 9 | 10-12 || total
-------------------------+-------+-------+-------+-------++-------
Melee: Hunting sling     |       |     2 |     2 |       ||     4
       Unarmed           |       |    84 |       |       ||    84
 Fire: Hunting sling     |    61 |   260 |   730 |   116 ||  1167
Invok: Heroism           |       |       |     5 |     1 ||     6
  Use: Potion            |       |     2 |     1 |       ||     3
       Scroll            |       |     5 |     3 |       ||     8
  Eat: Chunk             |     1 |     7 |    12 |     2 ||    22
Armor: Robe              |       |    56 |    41 |       ||    97
       Ring mail         |       |       |    54 |     8 ||    62
Dodge: Dodged            |    14 |   156 |   123 |    17 ||   310
Block: Buckler           |       |    46 |    83 |    10 ||   139
